 Dungeon Sprint DCSS version 0.30.1-11-g7821555f0a (webtiles) character file.

Game seed: 15649644969010652658

295 Groucho the Unseen (level 6, -3/43 HPs)
             Began as a Felid Berserker on Nov 25, 2023.
             Was a Believer of Trog.
             Slain by a slime creature (21 damage)
             ... in the Dungeon (Sprint I: "Red Sonja").
             The game lasted 00:01:19 (968 turns).

Groucho the Unseen (Felid Berserker)                 Turns: 968, Time: 00:01:20

Health: -3/43      AC:  2    Str: 15    XL:     6   Next: 11%
Magic:  7/7        EV: 20    Int:  8    God:    Trog [**....]
Gold:   289        SH:  0    Dex: 16    Spells: 5/5 levels left
                                        Lives:  0   Deaths: 1

rFire   . .          .
                       - Unarmed
rCold   . . .        (shield unavailable)
rNeg    . . .        (body armour unavailable)
rPois   .            (helmet unavailable)
rElec   .            (cloak unavailable)
rCorr   .            (gloves unavailable)
SInv    +            (boots unavailable)
Will    ++...        (no amulet) Stlth
                     (no ring)
HPRegen 1.27/turn    (no ring)
MPRegen 0.10/turn

%: no teleportation
@: berserking, strong-willed, regenerating, very quick
A: very small, claws 1, fangs 3, see invisible, speed 1, shaggy fur 2, stealthy
paws, no weapons or thrown items, no armour, multi-lived
a: Renounce Religion, Berserk, Trog's Hand


You were in the Dungeon.
You worshipped Trog.
Trog was pleased with you.
You visited 1 branch You collected 315 gold pieces.
You spent 26 gold pieces at shops.

Inventory:

Wands
 g - a wand of polymorph (6)
Scrolls
 f - a scroll of blinking
 h - 2 scrolls of identify
Potions
 a - a potion of curing
 b - a potion of heal wounds
 c - a potion of haste
 d - 2 potions of magic
 e - a potion of berserk rage


   Skills:
 + Level 4.4 Fighting
 + Level 5.9 Dodging
 + Level 18.0 Stealth
 + Level 4.4 Unarmed Combat


You had 5 spell levels left.
You didn't know any spells.
Your spell library was empty.

Dungeon Overview and Level Annotations

Branches:
Dungeon (1/1)

Altars:
Cheibriados
Dithmenos
Elyvilon
Fedhas
Gozag
Hepliaklqana
Kikubaaqudgha
Makhleb
Nemelex Xobeh
Okawaru
Qazlal
Ru
Sif Muna
Trog
Uskayaw
Vehumet
Wu Jian
Xom
Yredelemnul
Zin
The Shining One
Jiyva
Lugonu

Shops:
D ?


Innate Abilities, Weirdness & Mutations

You have sharp claws.
You have razor-sharp teeth.
You have supernaturally acute eyesight. (SInv)
You cover ground quickly. (Speed+)
You are covered in thick fur. (AC +2)
Your paws help you pounce on unaware monsters.
You are incapable of wielding weapons or throwing items.
You cannot wear armour.
You gain extra lives every three experience levels.


Message History

Thank you for shopping at Fuel's Magic Scroll Emporium!
There is an open door here.
You see here the felid skeleton of Groucho.
You see here the felid skeleton of Groucho.
There is an open door here.
You see here the felid skeleton of Groucho.
You open the door.
Found 135 gold pieces.
There is an open door here.
You now have 181 gold pieces (gained 27).
You now have 208 gold pieces (gained 27).
You now have 235 gold pieces (gained 27).
You now have 262 gold pieces (gained 27).
You now have 289 gold pieces (gained 27).
There is an open door here.
You see here the felid skeleton of Groucho.
There is a radiant altar of Vehumet here.
There is a shimmering blue altar of Sif Muna here.
Okay, then.
You see here 4 stones.
There is an open door here.
You open the door.
A slime creature comes into view.
Found a burning altar of Makhleb and a shimmering altar of Xom.
Found a viscous altar of Jiyva and a corrupted altar of Lugonu.
There is an open door here.
You claw the slime creature! You bite the slime creature.
The slime creature is lightly wounded.
The slime creature closely misses you.
Your skin crawls.
You feel strong-willed. The slime creature hits you!
A red film seems to cover your vision as you go berserk!
You feel yourself moving faster!
You feel mighty! The slime creature hits you!
You claw the slime creature! x2
The slime creature is heavily wounded.
You claw the slime creature!
The slime creature is severely wounded.
The slime creature hits you!!
You die...

###################
#<.#..'..#..'..#__#
#..)).#..'.)#..@J.+
#..#####'#####'#__#
#..####..#...#(####
#..#__####..##.#
#..#_____##'#_.+
#⌠⌠#_.∩...'÷.._#
####_..__##_.#'#
#_____###+#.#
####### ###


You could see a slime creature.

Vanquished Creatures
  Sigmund (D)
  A yak (D)
  An ogre (D)
  A jelly (D)
  Ijyb (D)
5 creatures vanquished.

Notes
Turn   | Place    | Note
-------+----------+-------------------------------------------
     0 | D        | Groucho the Felid Berserker began the quest for the Orb.
     0 | D        | Reached XP level 1. HP: 10/10 MP: 2/2
     1 | D        | Noticed Ijyb
     9 | D        | Killed Ijyb
    10 | D        | Reached skill level 8 in Stealth
    10 | D        | Reached XP level 2. HP: 14/14 MP: 3/3
   237 | D        | Noticed an ogre
   244 | D        | Killed an ogre
   245 | D        | Reached skill level 12 in Stealth
   245 | D        | Reached XP level 3. HP: 17/17 MP: 4/4
   245 | D        | Reached XP level 4. HP: 21/21 MP: 5/5
   590 | D        | Noticed Sigmund
   599 | D        | Killed Sigmund
   599 | D        | Reached ** piety under Trog
   600 | D        | Reached skill level 16 in Stealth
   600 | D        | Reached XP level 5. HP: 24/24 MP: 6/6
   650 | D        | Found a shimmering blue altar of Sif Muna.
   651 | D        | Found an ornate altar of the Wu Jian Council.
   652 | D        | Found a radiant altar of Vehumet.
   657 | D        | Reached skill level 17 in Stealth
   657 | D        | Gained mutation: You are covered in thick fur. (AC +2)
                  | [Felid growth]
   657 | D        | Reached XP level 6. HP: 28/28 MP: 7/7
   675 | D        | Found Fuel's Magic Scroll Emporium.
   675 | D        | Found an ancient bone altar of Kikubaaqudgha.
   675 | D        | Found a hazy altar of Hepliaklqana.
   675 | D        | Found a stormy altar of Qazlal.
   675 | D        | Found a hide-covered altar of Uskayaw.
   675 | D        | Found a blossoming altar of Fedhas.
   675 | D        | Found a bloodstained altar of Trog.
   675 | D        | Found an iron altar of Okawaru.
   675 | D        | Found a basalt altar of Yredelemnul.
   675 | D        | Found a glowing golden altar of the Shining One.
   675 | D        | Found a snail-covered altar of Cheibriados.
   675 | D        | Found a sacrificial altar of Ru.
   675 | D        | Found a glowing silver altar of Zin.
   675 | D        | Found a shadowy altar of Dithmenos.
   675 | D        | Found a white marble altar of Elyvilon.
   675 | D        | Noticed a yak
   682 | D        | Mangled by a yak
   683 | D        | Reached XP level 5. HP: -6/24 MP: 6/6
   698 | D        | Found an opulent altar of Gozag.
   699 | D        | Found a sparkling altar of Nemelex Xobeh.
   711 | D        | Killed a yak
   712 | D        | Reached skill level 5 in Dodging
   712 | D        | Reached skill level 18 in Stealth
   712 | D        | Reached XP level 6. HP: 24/29 MP: 7/7
   926 | D        | Bought a scroll of identify for 26 gold pieces
   962 | D        | Found a burning altar of Makhleb.
   962 | D        | Found a shimmering altar of Xom.
   962 | D        | Noticed a slime creature
   963 | D        | Found a viscous altar of Jiyva.
   963 | D        | Found a corrupted altar of Lugonu.
   968 | D        | Slain by a slime creature

Illustrated notes

Levels and vault maps discovered:
D:        dungeon_sprint_1 [red_sonja_temple_1, red_sonja_temple_small_1]

Skill      XL: |  1  2  3  4  5 |
---------------+----------------+-----
Stealth        | 8 12 16 18 | 18.0
Fighting       | 4 |  4.4
Dodging        | 5 |  5.9
Unarmed Combat | 4 |  4.4

Action                     |  1- 3 |  4- 6 || total
---------------------------+-------+-------++-------
  Melee: Unarmed           |     7 |    21 ||    28
         Bite              |     1 |     2 ||     3
         Punch             |       |     1 ||     1
 Invoke: Berserk           |     2 |     3 ||     5
         Trog's Hand       |       |     3 ||     3
   Stab: Sleeping          |       |     1 ||     1
 Armour: Skin              |       |     2 ||     2
  Dodge: Dodged            |     4 |     8 ||    12
